 Dungeon Crawl Stone Soup version 0.26-a0-1213-gd52f5182fe (webtiles) character file.

Game seed: 7512332438781336005

186 sokol815 the Sneak (level 5, 0/29 (31) HPs)
             Began as an Octopode Venom Mage on Dec 30, 2020.
             Slain by a wight
             ... wielding a +1 short sword of freezing
              (4 damage)
             ... on level 2 of the Dungeon.
             The game lasted 00:05:36 (3496 turns).

sokol815 the Sneak (Octopode Venom Mage)            Turns: 3496, Time: 00:05:36

HP:   0/29 (31)     AC:  1    Str:  8    XL:     5   Next: 66%
MP:   8/8           EV: 13    Int: 18    God:
Gold: 165           SH:  0    Dex: 12    Spells: 7/8 levels left

rFire    . . .     SeeInvis .   b - +2 short sword (venom)
rCold    . . .     Faith    .   (no shield)
rNeg     . . .     Spirit   .   (helmet restricted)
rPois    .         Reflect  .   (no amulet)
rElec    .         Harm     .   (no ring)
rCorr    .         Rampage  .   (no ring)
Will     .....                  (no ring)
Stlth    ++++......             (no ring)
HPRegen  0.09/turn              (no ring)
MPRegen  0.11/turn              (no ring)
                                (no ring)
                                (no ring)

@: drained
A: almost no armour, stealthy swim, amphibious, 8 rings, constrict 8, camouflage
1, gelatinous body 1
a: no special abilities


You were on level 2 of the Dungeon.
You visited 1 branch of the dungeon, and saw 3 of its levels.

You collected 165 gold pieces.

Inventory:

Hand Weapons
 a - a +1 vorpal broad axe
   (You found it on level 2 of the Dungeon)
 b - a +2 short sword of venom (weapon)
   (You took it off a wight on level 2 of the Dungeon)
 k - a +0 hunting sling
   (You took it off a goblin on level 3 of the Dungeon)
 n - a +0 dagger of draining
   (You took it off a kobold on level 2 of the Dungeon)
Missiles
 d - 206 stones
 f - 27 bolts
 g - 33 poisoned darts
 h - 3 javelins {=f}
Wands
 m - a wand of random effects (9)
   (You found it on level 2 of the Dungeon)
Scrolls
 c - a scroll of identify
 j - a scroll of teleportation {unknown}
Potions
 e - a potion of invisibility
 i - a potion of ambrosia
 l - a potion of haste


   Skills:
 + Level 2.5 Short Blades
 - Level 2.0 Dodging
 * Level 7.0 Stealth
 - Level 2.0 Spellcasting
 - Level 1.0 Transmutations
 - Level 3.6 Poison Magic


You had 7 spell levels left.
You knew the following spells:

 Your Spells              Type           Power        Failure   Level
a - Sting                 Tmut/Pois      40%          7%          1

Your spell library contained the following spells:

 Spells                   Type           Power        Failure   Level
 Poisonous Vapours        Pois/Air       16%          13%         2
 Ignite Poison            Fire/Tmut/Pois 7%           28%         3
 Mephitic Cloud           Conj/Pois/Air  6%           32%         3
 Olgreb's Toxic Radiance  Pois           14%          38%         4


Dungeon Overview and Level Annotations

Branches:
Dungeon (3/15)

Altars:
Trog
Zin

Annotations:
D:3 Grinder, Natasha


Innate Abilities, Weirdness & Mutations

You cannot wear most types of armour.
You are very stealthy in the water. (Stealth+)
You are amphibious.
You can wear up to eight rings at the same time.
You can use your tentacles to constrict eight enemies at once.
Your skin changes colour to match your surroundings (Stealth+).
Your rubbery body absorbs attacks. (AC +1, EV +1)


Message History

The wight barely misses you.
You barely miss the wight. You constrict the wight.
The wight hits you with a +2 short sword of venom.
You feel drained.
You take 9 damage, and have 22/29 hp.
MASSIVE DAMAGE!!
You hit the wight.
You constrict the wight, but do no damage.
The wight hits you with a +2 short sword of venom.
You feel drained.
You are poisoned.
You take 1 damage, and have 21/28 hp.
You hit the wight but do no damage. You constrict the wight.
You feel sick. The wight closely misses you.
You take 1 damage, and have 20/28 hp.
Unknown command.
You hit the wight but do no damage. You squeeze the wight.
You constrict the wight.
You feel sick. The wight completely misses you.
Unknown command.
You hit the wight but do no damage. You constrict the wight.
The wight misses you.
Unknown command.
You hit the wight but do no damage.
You constrict the wight, but do no damage.
You feel sick.
You take 1 damage, and have 19/28 hp.
Unknown command.
You hit the wight but do no damage. You squeeze the wight.
You destroy the wight!
Your life force feels restored.
Your Stealth skill increases to level 7!
Unknown command.
You feel sick.
Things that are here:
a +2 short sword of venom; a +0 robe You take 1 damage, and have 18/31 hp.
Unknown command.
Unknown command.
You feel sick.
You take 1 damage, and have 17/31 hp.
Unknown command.
Things that are here:
a +2 short sword of venom; a +0 robe
o - a +2 short sword of venom You feel sick.
You take 1 damage, and have 16/31 hp.
You start resting.
You feel sick. x4
You are no longer poisoned.
You take 2 damage, and have 14/31 hp.
You start resting.
Health restored: 31 Your +1 dagger of venom stops dripping with poison.
Your +2 short sword of venom begins to drip with poison!
o - a +2 short sword of venom (weapon)
Adjust to which letter? (? for menu, Esc to quit)
b - a +2 short sword of venom (weapon);
o - a +1 dagger of venom Drop what? 15/52 slots (_ for help) (? for menu, Esc to quit)
You drop a +1 dagger of venom.
There is a stone staircase leading down, spattered with blood here.
You climb downwards.
Level annotation: Grinder, Natasha The wight hits you but does no damage.
The wight misses you.
There is a stone staircase leading up here.
The wight hits you with a +1 short sword of freezing!
You feel drained. The wight freezes you.
You climb upwards.
There is a stone staircase leading down, spattered with blood here.
You take 10 damage, and have 21/30 hp.
MASSIVE DAMAGE!!
You closely miss the wight. Your grab misses the wight.
The wight hits you with a +1 short sword of freezing.
You feel drained. The wight freezes you.
You take 5 damage, and have 16/29 hp.
You barely miss the wight. You grab the wight. You constrict the wight.
The wight hits you with a +1 short sword of freezing!
The wight freezes you.
You take 7 damage, and have 9/29 hp.
MASSIVE DAMAGE!!
You barely miss the wight. You squeeze the wight! You constrict the wight.
The wight misses you.
Unknown command.
Unknown command.
You hit the wight.
You constrict the wight, but do no damage.
The wight hits you with a +1 short sword of freezing.
* * * LOW HITPOINT WARNING * * *
The wight freezes you.
* * * LOW HITPOINT WARNING * * *
You hit the wight. Your squeeze misses the wight.
You constrict the wight, but do no damage.
The wight misses you.
Unknown command.
You take 5 damage, and have 4/29 hp.
You hit the wight but do no damage. Your squeeze misses the wight.
You constrict the wight.
The wight hits you with a +1 short sword of freezing.
You die...

### ### #.# #.# #.# #.# #(#
#.##########
##########.#######..........#
...............[@#...####.#######
##########.#...#z#...#...........
#.....#.#...#.##.......#
#####.#...#.#...#..#.#.....#
#.#.......#.#...#.##.#.....#
###.#.#.#...#.#..........#####
#.....#.#...#.#.....##........
#.#.###.............##.#######
##.#...........#........###.#..


You could see a wight.

Vanquished Creatures
  A wight (D:2)
  Natasha (D:3)
  A bullfrog skeleton (D:2)
  4 adders (D:2)
  2 worms
  2 dart slugs
  2 leopard geckos
  An orc (D:3)
  2 giant cockroaches
  8 goblins
  4 hobgoblins
  8 kobolds
  7 bats
  6 frilled lizards
  8 rats
57 creatures vanquished.

Notes
Turn   | Place    | Note
-------+----------+-------------------------------------------
     0 | D:1      | sokol815 the Octopode Venom Mage began the quest for the
                  | Orb.
     0 | D:1      | Reached XP level 1. HP: 11/11 MP: 3/3
    47 | D:1      | Reached skill level 3 in Stealth
   174 | D:1      | Reached XP level 2. HP: 15/17 MP: 5/5
   313 | D:1      | Reached skill level 4 in Stealth
  1253 | D:1      | Reached XP level 3. HP: 21/21 MP: 6/6
  1335 | D:2      | Reached skill level 1 in Short Blades
  1488 | D:2      | Reached skill level 5 in Stealth
  1887 | D:2      | Reached XP level 4. HP: 24/25 MP: 7/7
  2052 | D:2      | Found a glowing silver altar of Zin.
  2144 | D:2      | Reached skill level 6 in Stealth
  2292 | D:2      | Reached skill level 2 in Short Blades
  2534 | D:3      | Noticed Natasha
  2541 | D:3      | HP: 3/27 [Natasha (6)]
  2545 | D:3      | Killed Natasha
  2546 | D:3      | Reached XP level 5. HP: 4/31 MP: 8/8
  2770 | D:3      | Noticed Natasha
  2771 | D:3      | Noticed Grinder
  2879 | D:3      | Found a bloodstained altar of Trog.
  3296 | D:2      | Reached skill level 7 in Stealth
  3494 | D:2      | HP: 5/29 [wight/+1 short sword of freezing (4)]
  3496 | D:2      | Slain by a wight

Illustrated notes

Levels and vault maps discovered:
D:1:      psy_arrival_radial02, layout_basic, minmay_misc_feat_cross
D:2:      layout_basic, zin_treasury
D:3:      layout_basic, trog_butcher_becter, uniq_grinder, uniq_natasha,
          uniq_robin

Skill      XL: |  1  2  3  4  5 |
---------------+----------------+-----
Stealth        | 3 4 5 6 7 |  7.0
Short Blades   | 1 2 |  2.5
Dodging        | |  2.0
Spellcasting   | |  2.0
Transmutations | |  1.0
Poison Magic   | |  3.6

Action                   |  1- 3 |  4- 6 || total
-------------------------+-------+-------++-------
Melee: Club              |    10 |       ||    10
       Constrict         |    15 |    13 ||    28
       Tentacles         |    11 |    12 ||    23
       Unarmed           |     2 |       ||     2
       Dagger            |    46 |    41 ||    87
       Broad axe         |    10 |    20 ||    30
       Short sword       |       |     6 ||     6
Throw: Stone             |    40 |       ||    40
  Use: Scroll            |     1 |     3 ||     4
       Potion            |       |     1 ||     1
 Stab: Sleeping          |    16 |     5 ||    21
Armor: Skin              |     6 |     2 ||     8
Dodge: Dodged            |    28 |    47 ||    75

Table legend: (Time is in decaauts)
 A = Elapsed time spent in this place.
 B = Non-inter-level travel time spent in this place.
 C = Inter-level travel time spent in this place.
 D = Time resting spent in this place.
 E = Time spent auto-exploring this place.
 F = Levels seen in this place.
 G = Mean time per level.
                   A        B        C        D        E       F      G
               +--------+--------+--------+--------+--------+-----+--------+
         Total |   3518 |   3274 |    244 |    786 |   2022 |   3 | 1172.7 |
       Dungeon |   3518 |   3274 |    244 |    786 |   2022 |   3 | 1172.7 |
               +--------+--------+--------+--------+--------+-----+--------+

Top non-repeatable levels by time:
     D:2: 1575 daAuts
     D:1: 1331 daAuts
     D:3: 611 daAuts

Table legend:
 A = Kills in this place as a percentage of kills in entire the game.
 B = Kills by you in this place as a percentage of kills by you in the entire game.
 C = Kills by friends in this place as a percentage of kills by friends in the entire game.
 D = Other kills in this place as a percentage of other kills in the entire game.
 E = Experience gained in this place as a percentage of experience gained in the entire game.
 F = Experience gained in this place divided by the number of levels of this place that you have seen.
                   A       B       C       D       E      F
               +-------+-------+-------+-------+-------+----------------------
         Total | 100.0 | 100.0 |   N/A |   N/A | 100.0 |  89.0
       Dungeon | 100.0 | 100.0 |   N/A |   N/A | 100.0 |  89.0
               +-------+-------+-------+-------+-------+----------------------
